 Dungeon Crawl Stone Soup version 0.29-a0-542-g075992c915 (webtiles) character file.

Game seed: 11854421409074634524

9312 Morbidden the Digger (level 11, -6/97 HPs)
             Began as a Troll Earth Elementalist on June 3, 2022.
             Was an Elder of Cheibriados.
             Mangled by a gargoyle
             ... wielding a +0 flail
              (18 damage)
             ... on level 10 of the Dungeon on June 4, 2022.
             The game lasted 00:18:51 (13083 turns).

Morbidden the Digger (Troll Earth Elementalist)    Turns: 13083, Time: 00:18:52

Health: -6/97      AC:  6    Str: 33    XL:     11   Next: 21%
Magic:  0/17       EV: 12    Int: 24    God:    Cheibriados [****..]
Gold:   491        SH:  0    Dex: 19    Spells: 11/20 levels left

rFire   + . .      SeeInvis .     - Unarmed
rCold   + + .      Faith    .   (no shield)
rNeg    . . .      Spirit   +   a - +2 robe {rC+ rF+}
rPois   .          Reflect  .   (helmet restricted)
rElec   .          Harm     .   (no cloak)
rCorr   .          Rampage  .   (gloves unavailable)
Will    .....                   (boots unavailable)
Stlth   ++........              L - amulet of guardian spirit
HPRegen 1.06/turn               s - +6 ring of strength
MPRegen 0.15/turn               K - ring of protection from cold

@: about to teleport, very slow
A: large, unfitting armour, claws 3, regeneration 1, shaggy fur 1, tough skin 1,
passive freeze, subdued magic 1
a: Renounce Religion, Bend Time, Temporal Distortion, Slouch


You were on level 10 of the Dungeon.
You worshipped Cheibriados.
Cheibriados was greatly pleased with you.
You visited 3 branches of the dungeon, and saw 12 of its levels.

You collected 491 gold pieces.

Inventory:

Hand Weapons
 g - a +0 hunting sling
Missiles
 d - 2 silver boomerangs
 k - a curare-tipped dart
 l - 4 throwing nets
 A - 5 boomerangs (quivered)
 E - 264 stones
Armour
 a - a +2 robe of resistance (worn)
Jewellery
 b - a +6 ring of intelligence
 e - a ring of flight
 n - a ring of resist corrosion
 q - an amulet of faith
 s - a +6 ring of strength (left claw)
 t - a ring of ice
 u - a ring of wizardry
 G - a +4 ring of protection
 K - a ring of protection from cold (right claw)
 L - an amulet of guardian spirit (around neck)
Wands
 p - a wand of iceblast (11)
 w - a wand of polymorph (5)
 H - a wand of acid (5)
 J - a wand of paralysis (12)
 O - a wand of digging (3)
Scrolls
 i - 2 scrolls of fog
 j - a scroll of immolation {unknown}
 m - 3 scrolls of identify
 r - a scroll of torment
 v - 2 scrolls of summoning {unknown}
 x - 2 scrolls of enchant weapon {unknown}
 y - a scroll of vulnerability {unknown}
 C - 2 scrolls of noise {unknown}
 D - a scroll of amnesia
 F - 2 scrolls of poison
 N - 2 scrolls of blinking
Potions
 c - a potion of magic
 h - 2 potions of curing
 o - 2 potions of mutation
 z - 2 potions of flight
 B - a potion of invisibility {unknown}
 I - 2 potions of attraction {unknown}


   Skills:
 * Level 3.5 Fighting
 * Level 5.0 Throwing
 * Level 4.3 Dodging
 + Level 1.8 Stealth
 * Level 6.2 Unarmed Combat
 * Level 5.0 Spellcasting
 * Level 3.7 Conjurations
 * Level 4.1 Transmutations
 * Level 7.1 Earth Magic
 * Level 3.5 Invocations


You had 11 spell levels left.
You knew the following spells:

 Your Spells              Type           Power      Damage    Failure   Level
a - Sandblast             Erth           62%        2d14      1%          1
b - Stone Arrow           Conj/Erth      48%        3d10      1%          3
c - Blade Hands           Tmut           10%        N/A       36%         5

Your spell library contained the following spells:

 Spells                   Type           Power      Damage    Failure   Level
 Passwall                 Tmut/Erth      20%        N/A       1%          2
 Foxfire                  Conj/Fire      44%        2x1d6     3%          1
 Static Discharge         Conj/Air       11%        N/A       4%          2
 Petrify                  Tmut/Erth      25%        N/A       7%          4
 Conjure Flame            Conj/Fire      11%        6-21      10%         3
 Poisonous Vapours        Pois/Air       8%         N/A       11%         2
 Ignite Poison            Fire/Tmut/Pois 9%         N/A       13%         3
 Animate Armour           Summ/Erth      34%        N/A       17%         4
 Inner Flame              Hex/Fire       4%         N/A       22%         3
 Summon Guardian Golem    Hex/Summ       4%         N/A       22%         3
 Flame Wave               Conj/Fire      11%        2d5       34%         4
 Sticky Flame             Conj/Fire      11%        2d3       34%         4
 Corpse Rot               Necr/Pois/Air  4%         N/A       61%         4
 Dispel Undead            Necr           4%         3d7       61%         4
 Iron Shot                Conj/Erth      12%        9d3       78%         6
 Haunt                    Necr/Summ      2%         N/A       100%        7
 Spellforged Servitor     Conj/Summ      5%         N/A       100%        7
 Chain Lightning          Conj/Air       5%         3d7       100%        9
 Fire Storm               Conj/Fire      5%         8d2       100%        9
 Shatter                  Erth           15%        3d15*     100%        9


Dungeon Overview and Level Annotations

Branches:
Dungeon (10/15)            Temple (1/1) D:5            Lair (1/6) D:8
    Orc: D:9-12

Altars:
Ashenzari
Cheibriados
Dithmenos
Elyvilon
Fedhas
Gozag
Hepliaklqana
Kikubaaqudgha
Makhleb
Nemelex Xobeh
Okawaru
Qazlal
Ru
Sif Muna
Trog
Vehumet
Xom
Yredelemnul
The Shining One

Annotations:
D:3 2 transporters, fly's ghost, amateur DDNe


Innate Abilities, Weirdness & Mutations

You are too large for most types of armour.
You have claws for hands.
Your natural rate of healing is unusually fast.
You are covered in fur. (AC +1)
You have tough skin. (AC +1)
A frigid envelope surrounds you and freezes all who hurt you.
Your spells are a little easier to cast, but a little less powerful.


Message History

Unknown command.
The vampire mosquito buzzes angrily.
You scratch the vampire mosquito.
The vampire mosquito is heavily damaged.
You hear an angry buzzing noise.
The vampire mosquito bites you!
The vampire mosquito draws strength from your injuries!
The vampire mosquito is very cold.
The vampire mosquito is moderately damaged.
Something unseen opens the door.
The vampire mosquito barely misses you. The gargoyle hits you with a +0 flail!
* * * LOW HITPOINT WARNING * * *
The gargoyle is very cold.
The gargoyle is lightly damaged.
Unknown command.
You miss the vampire mosquito.
The vampire mosquito is moderately damaged.
A howler monkey comes into view.
The vampire mosquito barely misses you. The gargoyle hits you with a +0 flail!!
* * * LOW HITPOINT WARNING * * *
The gargoyle is very cold.
The gargoyle is moderately damaged.
Unknown command.
Unknown command.
Unknown command.
Unknown command.
Okay, then.
You feel better. The vampire mosquito bites you!
* * * LOW HITPOINT WARNING * * *
The vampire mosquito draws strength from your injuries!
The vampire mosquito is very cold.
The vampire mosquito is moderately damaged.
The vampire mosquito closely misses you.
The vampire mosquito bites you.
* * * LOW HITPOINT WARNING * * *
The vampire mosquito draws strength from your injuries!
The vampire mosquito is very cold.
The vampire mosquito is heavily damaged.
The vampire mosquito barely misses you. The gargoyle hits you with a +0 flail!!
You die...

##.....##...##.....##
##...###...###...##
##### #...# #####
##...###...###...##
##.....##...##.....##
#.......#...#.......#
#....)..'...'....)..#
#.......#...#.......#
##.....##@y.##.....##
##...###y9.###...##
##### #...# #####
#y..# #h..# #)..#
'...'.. #...#....
#..[##.y.


You could see 3 vampire mosquitoes, a gargoyle and a howler monkey.

Vanquished Creatures
  Fannar (D:10)
  Harold (D:9)
  A black mamba (Lair:1)
  Joseph (D:7)
  2 trolls
  A hornet (D:7)
  Prince Ribbit (D:8)
  A wraith (D:10)
  Eustachio (D:6)
  3 yaks (D:9)
  3 steam dragons
  Grum (D:9)
  Edmund (D:5)
  2 water moccasins
  Duvessa (D:5)
  3 orc warriors
  2 ice beasts (D:6)
  2 sky beasts
  3 black bears
  2 ogres (D:5)
  3 centaurs
  2 wolves (D:9)
  2 phantoms (D:6)
  5 scorpions
  3 bullfrogs
  2 gnoll sergeants
  15 wights
  Dowan (D:5)
  8 killer bees (D:8)
  An electric eel (D:8)
  5 howler monkeys
  3 orc priests (D:5)
  Terence (D:3)
  7 iguanas
  17 orc wizards
  Natasha (twice) (D:2)
  11 gnolls
  9 adders
  A shadow imp (D:7)
  4 ufetubi
  A worm (D:3)
  5 dart slugs
  43 orcs
  8 endoplasms
  5 giant cockroaches
  2 goblins (D:1)
  8 hobgoblins
  A jackal (D:3)
  7 kobolds
  9 quokkas
  6 ball pythons
  7 bats
  3 frilled lizards
  A rat (D:2)
241 creatures vanquished.

Vanquished Creatures (others)
  Psyche (D:9)
  An orc wizard (D:7)
  33 fungi
  36 plants
71 creatures vanquished.

Grand Total: 312 creatures vanquished

Notes
Turn   | Place    | Note
-------+----------+-------------------------------------------
     0 | D:1      | Morbidden the Troll Earth Elementalist began the quest for
                  | the Orb.
     0 | D:1      | Reached XP level 1. HP: 16/16 MP: 1/1
    67 | D:1      | Got the Catalogue of Supportive Transformation
   156 | D:1      | Reached XP level 2. HP: 24/24 MP: 3/3
   586 | D:1      | Reached skill level 3 in Earth Magic
   768 | D:2      | Reached skill level 1 in Unarmed Combat
   792 | D:2      | Reached XP level 3. HP: 29/31 MP: 0/4
   887 | D:2      | Noticed Natasha
   892 | D:2      | Killed Natasha
   978 | D:2      | Noticed Natasha
   999 | D:2      | Killed Natasha
  1000 | D:2      | Reached skill level 1 in Transmutations
  1000 | D:2      | Reached XP level 4. HP: 12/40 MP: 1/5
  1275 | D:2      | Learned a level 3 spell: Stone Arrow
  1395 | D:2      | Found a faded altar of an unknown god.
  1844 | D:3      | Reached skill level 1 in Throwing
  1986 | D:3      | Found a transporter.
  1992 | D:3      | Found a transporter.
  2015 | D:3      | Noticed fly's ghost (amateur DDNe)
  2017 | D:3      | You fall into a shaft and drop 1 floor!
  2053 | D:4      | Reached XP level 5. HP: 38/46 MP: 0/6
  2453 | D:3      | Noticed Terence
  2464 | D:3      | Gained mutation: You are clumsy. (Dex -2) [potion of
                  | mutation]
  2464 | D:3      | Gained mutation: You are strong-willed. (Will+) [potion of
                  | mutation]
  2464 | D:3      | HP: 1/46 [poisoned by Terence]
  2466 | D:3      | Killed Terence
  2502 | D:3      | Lost mutation: You are strong-willed. (Will+) [potion of
                  | mutation]
  2502 | D:3      | Lost mutation: You are clumsy. (Dex -2) [potion of
                  | mutation]
  2502 | D:3      | Gained mutation: A frigid envelope surrounds you and
                  | freezes all who hurt you. [potion of mutation]
  2502 | D:3      | Gained mutation: Your spells are a little easier to cast,
                  | but a little less powerful. [potion of mutation]
  2559 | D:3      | Reached XP level 6. HP: 25/54 MP: 4/8
  2792 | D:3      | Noticed an orc warrior
  2803 | D:3      | Killed an orc warrior
  2804 | D:3      | Reached skill level 4 in Earth Magic
  3146 | D:4      | Reached skill level 1 in Fighting
  3983 | D:5      | Entered Level 5 of the Dungeon
  4096 | D:5      | Reached skill level 1 in Conjurations
  4096 | D:5      | Reached XP level 7. HP: 53/62 MP: 2/9
  4649 | D:5      | Reached XP level 8. HP: 71/71 MP: 0/11
  4924 | D:5      | Found a staircase to the Ecumenical Temple.
  4951 | Temple   | Entered the Ecumenical Temple
  5036 | Temple   | Became a worshipper of Cheibriados the Contemplative
  5064 | D:5      | Noticed Duvessa
  5065 | D:5      | Noticed Dowan
  5081 | D:5      | Killed Duvessa
  5096 | D:5      | Killed Dowan
  5199 | D:5      | Noticed Edmund
  5199 | D:5      | Noticed a troll
  5209 | D:5      | Killed a troll
  5210 | D:5      | Reached skill level 1 in Invocations
  5249 | D:5      | Killed Edmund
  5250 | D:5      | Reached skill level 5 in Earth Magic
  5967 | D:6      | Noticed Eustachio
  5990 | D:6      | Reached XP level 9. HP: 79/79 MP: 4/13
  6170 | D:6      | Killed Eustachio
  6323 | D:6      | Learned a level 5 spell: Blade Hands
  6412 | D:6      | Reached * piety under Cheibriados
  6826 | D:6      | Found a stormy altar of Qazlal.
  7853 | D:7      | Found a shimmering blue altar of Sif Muna.
  8224 | D:7      | Noticed Joseph
  8248 | D:7      | Killed Joseph
  8787 | D:7      | Reached skill level 6 in Earth Magic
  8942 | D:8      | Noticed Prince Ribbit
  8947 | D:8      | Killed Prince Ribbit
  9185 | D:8      | Reached XP level 10. HP: 81/89 MP: 12/15
  9193 | D:8      | Reached skill level 5 in Unarmed Combat
  9330 | D:8      | Reached ** piety under Cheibriados
  9356 | D:8      | Found a staircase to the Lair.
 10608 | Lair:1   | Entered Level 1 of the Lair of Beasts
 10608 | Lair:1   | Noticed a black mamba
 10612 | Lair:1   | Killed a black mamba
 11019 | D:9      | Noticed Grum
 11026 | D:9      | Killed Grum
 11032 | D:9      | Reached *** piety under Cheibriados
 11971 | D:9      | Noticed Harold
 11973 | D:9      | Noticed Psyche
 12281 | D:9      | Reached skill level 7 in Earth Magic
 12298 | D:9      | Killed Harold
 12299 | D:9      | Reached XP level 11. HP: 56/97 MP: 17/17
 12381 | D:9      | Killed Psyche
 12389 | D:9      | Reached **** piety under Cheibriados
 12656 | D:10     | Entered Level 10 of the Dungeon
 12962 | D:10     | Reached skill level 5 in Spellcasting
 13043 | D:10     | Noticed Fannar
 13071 | D:10     | Killed Fannar
 13072 | D:10     | Reached skill level 5 in Throwing
 13083 | D:10     | Mangled by a gargoyle

Illustrated notes

Levels and vault maps discovered:
D:1:      giann_wishing_wells, layout_loops_cross, minmay_misc_feat_tiny
D:2:      layout_basic, ebering_ecumenical_altar_rust, uniq_natasha
D:3:      layout_basic, gammafunk_ghost_stat_death, st_stairs_2, uniq_terence
D:4:      layout_basic
D:5:      layout_rooms, minmay_temple_entry_mist, serial_bayou,
          serial_bayou_pond_b, serial_bayou_pond_c, serial_bayou_pond_a,
          serial_bayou_lake_a, grunt_ministairs_4, glass_columns_b, uniq_edmund,
          uniq_duvessa
D:6:      layout_basic, grunt_qazlal_sundering, uniq_eustachio
D:7:      layout_cave_pods, led_sif_book, uniq_joseph
D:8:      layout_basic, grunt_lair_entry_orc_guard_hut, nrook_pool_corridor,
          uniq_prince_ribbit1
D:9:      kennysheep_steamy, layout_layer_cave, uniq_harold, uniq_psyche,
          uniq_grum
D:10:     kennysheep_six_static_rooms, layout_loops_cross,
          mainiacjoe_overflow_brackets, lemuel_round_altar, uniq_fannar
Temple:   mainiacjoe_temple_coin_purse
Lair:1:   layout_gridlike

Skill      XL: |  1  2  3  4  5  6  7  8  9 10 11 |
---------------+----------------------------------+-----
Earth Magic    | 3 4 5 6 7 |  7.1
Unarmed Combat | 1 2 3 4 6 |  6.2
Transmutations | 1 2 3 4 |  4.1
Throwing       | 1 2 3 4 5 |  5.0
Dodging        | 2 3 4 |  4.3
Spellcasting   | 2 3 4 5 |  5.0
Fighting       | 1 2 3 |  3.5
Conjurations   | 1 2 3 |  3.7
Invocations    | 1 2 3 |  3.5
Stealth        | |  1.8

Action                   |  1- 3 |  4- 6 |  7- 9 | 10-12 || total
-------------------------+-------+-------+-------+-------++-------
Melee: Unarmed           |    58 |   124 |    98 |   133 ||   413
       Punch             |       |     3 |     4 |     5 ||    12
Throw: Dart              |     5 |     7 |     4 |       ||    16
       Boomerang         |       |     3 |     3 |    18 ||    24
 Cast: Sandblast         |    11 |    36 |    40 |    31 ||   118
       Stone Arrow       |       |    11 |    72 |    57 ||   140
       Blade Hands       |       |       |       |     2 ||     2
Evoke: Wand              |       |       |       |     4 ||     4
  Use: Potion            |       |     3 |     4 |     3 ||    10
       Scroll            |       |       |       |    12 ||    12
 Stab: Sleeping          |     2 |     2 |       |       ||     4
Armor: Robe              |    30 |    40 |    37 |    34 ||   141
Dodge: Dodged            |    38 |    77 |    56 |    98 ||   269

Table legend: (Time is in decaauts)
 A = Elapsed time spent in this place.
 B = Non-inter-level travel time spent in this place.
 C = Inter-level travel time spent in this place.
 D = Time resting spent in this place.
 E = Time spent auto-exploring this place.
 F = Levels seen in this place.
 G = Mean time per level.
                   A        B        C        D        E       F      G
               +--------+--------+--------+--------+--------+-----+--------+
         Total |  14980 |  14329 |    651 |   1995 |  10505 |  12 | 1248.3 |
       Dungeon |  14676 |  14040 |    636 |   1799 |  10438 |  10 | 1467.6 |
        Temple |    102 |     87 |     15 |      0 |     67 |   1 |  102.0 |
          Lair |    201 |    201 |      0 |    196 |      0 |   1 |  201.0 |
               +--------+--------+--------+--------+--------+-----+--------+

Top non-repeatable levels by time:
     D:8: 2358 daAuts
     D:9: 2282 daAuts
     D:5: 2034 daAuts
     D:7: 1851 daAuts
     D:6: 1635 daAuts
     D:3: 1120 daAuts
     D:2: 1107 daAuts
     D:4: 1056 daAuts
     D:1: 718 daAuts
    D:10: 511 daAuts
  Lair:1: 201 daAuts
  Temple: 102 daAuts
